 Dungeon Crawl Stone Soup version 0.28.0 (console) character file.

Game seed: 6586599207934929447

78516 ryathie the Frost Mage (level 14, -2/108 (121) HPs)
             Began as a Demigod Wanderer on Feb 5, 2022.
             Slain by a skeletal warrior (24 damage)
             ... on level 12 of the Dungeon.
             The game lasted 01:09:56 (29451 turns).

ryathie the Frost Mage (Demigod Wanderer)          Turns: 29451, Time: 01:09:57

HP:   -2/108 (121)  AC: 13    Str: 12    XL:     14   Next: 77%
MP:   35/35         EV: 13    Int: 30    God:
Gold: 2684          SH: 10    Dex: 14    Spells: 10/37 levels left

rFire   + . .      SeeInvis .   L - +2 broad axe (venom)
rCold   + . .      Faith    .   o - +0 buckler
rNeg    . . .      Spirit   .   d - +0 troll leather armour
rPois   .          Reflect  +   m - +0 helmet
rElec   .          Harm     .   X - +2 cloak {rC+}
rCorr   .          Rampage  ∞   (no gloves)
Will    +....                   M - +3 pair of seven-league boots {Rampage+∞}
Stlth   +.........              a - amulet of reflection
HPRegen 1.08/turn               Y - ring of protection from fire
MPRegen 0.24/turn               e - ring of wizardry

@: heavily drained
A: high MP 1, forlorn, divine attributes
a: no special abilities


You were on level 12 of the Dungeon.
You visited 3 branches of the dungeon, and saw 20 of its levels.
You also visited: Ice Cave.

You collected 3804 gold pieces.
You spent 1120 gold pieces at shops.

Inventory:

Hand Weapons
 L - a +2 broad axe of venom (weapon)
 O - the +8 frozen axe "Frostbite" {freezing cloud, *Noise Fly rC+}
   (You found it in an ice cave)

   It freezes those it strikes, dealing additional cold damage.
   It can also slow down cold-blooded creatures.
   It occasionally leaves clouds of freezing vapour upon striking a foe.
   It grants immunity to clouds of freezing vapour.
   rC:        It protects you from cold.
   Fly:       It grants you flight.
   *Noise:    It may make noises in combat.
Missiles
 w - a throwing net
Armour
 d - a +0 troll leather armour (worn)
 m - a +0 helmet (worn)
 o - a +0 buckler (worn)
 M - the +3 pair of seven-league boots (worn) {Rampage+∞}
   (You acquired it on level 7 of the Dungeon)

   Its wearer moves as far as possible in that direction when moving towards
   enemies.
 X - a +2 cloak of cold resistance (worn)
 Z - the +15 crystal plate armour "Cuuvvi" {Rampage Will+}
   (You acquired it on level 2 of the Orcish Mines)

   Rampage:   It bestows one free step when moving towards enemies.
   Will:      It increases your willpower.
Jewellery
 a - an amulet of reflection (around neck)
 e - a ring of wizardry (right hand)
 j - a ring of protection from cold
 r - a ring of see invisible
 y - a ring of poison resistance
 D - a +4 ring of protection
 G - a ring of positive energy
 T - a ring of magical power
 W - a ring of wizardry
 Y - a ring of protection from fire (left hand)
Wands
 c - a wand of polymorph (28)
 n - a wand of mindburst (8)
 q - a wand of charming (4)
 A - a wand of acid (11)
 C - a wand of paralysis (11)
 F - a wand of iceblast (25)
 S - a wand of flame (23)
Scrolls
 b - a scroll of silence
 f - a scroll of torment
 g - 2 scrolls of brand weapon
 h - 7 scrolls of teleportation
 i - 4 scrolls of fog
 l - 3 scrolls of summoning
 s - 2 scrolls of fear
 v - 2 scrolls of enchant weapon
 B - 3 scrolls of amnesia
 J - 3 scrolls of blinking
 Q - a scroll of identify
 V - 3 scrolls of holy word
Potions
 k - 3 potions of berserk rage
 p - 6 potions of haste
 t - 5 potions of curing
 u - 4 potions of heal wounds
 x - 8 potions of might
 E - a potion of ambrosia
 H - a potion of lignification
 I - 8 potions of brilliance
 K - 2 potions of magic
 N - 2 potions of attraction
 P - a potion of cancellation
 R - a potion of mutation
 U - 3 potions of resistance
Miscellaneous
 z - a box of beasts


   Skills:
 - Level 10.0 Fighting
 - Level 1.7 Short Blades
 + Level 5.7 Armour
 - Level 5.1 Dodging
 - Level 1.0 Stealth
 - Level 5.0 Shields
 - Level 12.0 Spellcasting
 - Level 6.0 Conjurations
 - Level 7.0 Necromancy
 - Level 2.0 Fire Magic
 - Level 13.0 Ice Magic
 - Level 7.0 Earth Magic


You had 10 spell levels left.
You knew the following spells:

 Your Spells              Type           Power      Damage    Failure   Level
a - Freeze                Ice            100%       1d11      0%          1
b - Frozen Ramparts       Ice            100%       1d12      1%          3
c - Stone Arrow           Conj/Erth      100%       3d13      1%          3
d - Sticky Flame          Conj/Fire      42%        2d6       3%          4
e - Borgnjor's Vile Clut  Necr/Erth      28%        N/A       2%          5
f - Dispel Undead         Necr           56%        3d20      1%          4
g - Ozocubu's Refrigerat  Ice            38%        4d12      8%          7

Your spell library contained the following spells:

 Spells                   Type           Power      Damage    Failure   Level
 Apportation              Tloc           36%        N/A       1%          1
 Sandblast                Erth           100%       2d20      1%          1
 Passwall                 Tmut/Erth      32%        N/A       1%          2
 Scorch                   Fire           60%        2d8       1%          2
 Static Discharge         Conj/Air       36%        N/A       1%          2
 Hailstorm                Conj/Ice       66%        3d14      1%          4
 Flame Wave               Conj/Fire      42%        2d9       3%          4
 Olgreb's Toxic Radiance  Pois           18%        N/A       17%         4
 Alistair's Intoxication  Tmut/Pois      12%        N/A       43%         5
 Summon Forest            Summ/Tloc      9%         N/A       43%         5
 Eringya's Noxious Bog    Tmut/Pois      9%         N/A       93%         6
 Summon Cactus Giant      Summ           9%         N/A       93%         6
 Malign Gateway           Summ/Tloc      9%         N/A       100%        7
 Summon Hydra             Summ           9%         N/A       100%        7
 Ignition                 Fire           15%        3d6       100%        8
 Summon Horrible Things   Summ           9%         N/A       100%        8


Dungeon Overview and Level Annotations

Branches:
Dungeon (12/15)            Temple (0/1) D:7            Lair (6/6) D:11
  Swamp (0/4) Lair:2        Snake (0/4) Lair:3        Slime (0/5) Lair:5
    Orc (2/2) D:9             Elf (0/3) Orc:2         IceCv (visited)

Shops:
D:10 (   Orc:2 (?!:

Portals:
Trove: D:11 (give +4 fire dragon scales)

Annotations:
Lair:4 exclusion: 3 oklob plants


Innate Abilities, Weirdness & Mutations

You have an increased reservoir of magic. (+10% MP)
You shall have no god before yourself.
Your divine heritage dramatically boosts your attributes as you level up.


Message History

The orc knight closely misses you. The skeletal warrior misses you.
The boulder beetle leaps!
The skeletal warrior hits you with a +0 battleaxe!!
The two-headed ogre hits you with a +0 dire flail of draining!
You feel drained. The two-headed ogre closely misses you.
You block the two-headed ogre's attack.
The two-headed ogre hits you with a +0 giant club.
The two-headed ogre hits you with a +0 dire flail of draining!
You feel drained. You block the two-headed ogre's attack.
There is a large open door here.
Press: ? - help, v - describe, . - travel
Here: a boulder beetle The floor.
As you read the scroll of fear, it crumbles to dust.
You assume a fearsome visage.
The orc knight looks frightened!
The two-headed ogre looks frightened!
The boulder beetle looks frightened!
The boulder beetle leaps!
The boulder beetle leaps!
Cornered, the two-headed ogre turns to fight!
There is a stone staircase leading up here.
You climb upwards.
There is a stone staircase leading down here.
Unknown command.
You start resting.
HP restored.
You climb downwards.
The skeletal warrior hits you with a +0 battleaxe!
The two-headed ogre hits you with a +0 dire flail of draining!
You feel drained.
The two-headed ogre hits you with a +0 giant club!!
The skeletal warrior hits you but does no damage.
There is a stone staircase leading up, spattered with blood here.
Unknown command.
The two-headed ogre hits you with a +0 dire flail of draining!
You feel drained.
The two-headed ogre hits you with a +0 giant club!
* * * LOW HITPOINT WARNING * * *
The skeletal warrior hits you with a +0 battleaxe!!
You die...

##.)# ##..#
##..#
##..#.#
##.o#○##
##..#.#.?
##..#######
#)..o.(.O>#
#...'...z@#
##..#######
##..#)#.)#
##.)#.###
##..#.#
##..##
##..##
##.(# ####


You could see an orc knight, a skeletal warrior and a two-headed ogre.

Vanquished Creatures
  Nessos (Lair:5)
  A fire dragon (Lair:6)
  10 hydras
  Erolcha (Orc:2)
  A boulder beetle (D:9)
  A two-headed ogre (D:10)
  8 death yaks (Lair:5)
  3 orc high priests (Orc:2)
  A deep elf knight (D:12)
  A fire crab (Lair:6)
  2 bog bodies (IceCv)
  4 orc knights (Orc:2)
  4 orc sorcerers (Orc:2)
  2 cyclopes
  5 black mambas
  28 elephants
  Maurice (D:10)
  3 molten gargoyles (Lair:6)
  3 torpor snails
  8 cane toads
  An ice statue (IceCv)
  16 komodo dragons
  10 rime drakes
  A kobold demonologist (D:9)
  An unseen horror (D:11)
  3 ice devils
  An anaconda simulacrum (IceCv)
  An entropy weaver simulacrum (IceCv)
  7 trolls
  2 slime creatures (D:12)
  3 polar bears
  19 blink frogs
  A meliai zombie (D:10)
  Sigmund (D:6)
  7 wyverns
  Eustachio (D:6)
  A shadow (D:10)
  2 vampires
  2 dire elephant simulacra (IceCv)
  63 yaks
  11 basilisks
  2 death yak simulacra (IceCv)
  3 steam dragons
  A warg (Orc:2)
  A harpy simulacrum (IceCv)
  An acid dragon (D:11)
  Duvessa (D:5)
  21 water moccasins
  5 hell hounds (Lair:6)
  A sky beast (D:7)
  A swamp drake (D:9)
  An ice beast (D:8)
  9 ogres
  18 orc warriors
  2 necrophages
  11 wolves (Lair:4)
  3 centaurs
  3 phantoms
  A kobold brigand (D:10)
  14 bullfrogs
  5 two-headed ogre simulacra (IceCv)
  2 cane toad simulacra (IceCv)
  3 scorpions (D:5)
  Dowan (D:5)
  A water moccasin skeleton (D:5)
  4 elephant simulacra (IceCv)
  10 wights
  2 howler monkeys
  3 electric eels (Lair:3)
  7 lava snakes
  4 crimson imps (D:8)
  7 centaur zombies
  A bullfrog zombie (D:5)
  4 hounds
  21 orc priests
  3 jellies
  Crazy Yiuf (D:3)
  4 iguanas
  25 orc wizards
  A scorpion zombie (D:5)
  7 hell rats (Lair:5)
  5 spriggan simulacra (IceCv)
  9 troll simulacra (IceCv)
  3 polar bear simulacra (IceCv)
  2 howler monkey zombies
  A howler monkey skeleton (D:6)
  4 adders
  2 gnolls (D:1)
  4 naga simulacra (IceCv)
  A shadow imp (D:7)
  3 white imps
  5 ufetubi (IceCv)
  An adder skeleton (D:4)
  3 worms
  3 dart slugs
  63 orcs
  5 ball pythons
  8 endoplasms
  5 giant cockroaches
  9 goblins
  5 hobgoblins
  12 kobolds
  2 quokkas
  3 training dummies (D:10)
  9 bats
  2 frilled lizards
  8 rats
634 creatures vanquished.

Vanquished Creatures (collateral kills)
  3 yaks (D:9)
3 creatures vanquished.

Vanquished Creatures (others)
  A black mamba (Lair:6)
  A bush (Lair:5)
  39 fungi
  37 plants
78 creatures vanquished.

Grand Total: 715 creatures vanquished

Notes
Turn   | Place    | Note
-------+----------+-------------------------------------------
     0 | D:1      | ryathie the Demigod Wanderer began the quest for the Orb.
     0 | D:1      | ryathie set off with the following items: a +0 rapier, a +0
                  | cloak, a +0 robe; and the following spell memorised:
                  | Freeze; and the following spells available to memorise:
                  | Frozen Ramparts
     0 | D:1      | Reached XP level 1. HP: 16/16 MP: 5/5
   175 | D:1      | Reached skill level 2 in Ice Magic
   528 | D:2      | Reached XP level 2. HP: 22/23 MP: 7/7
  1607 | D:1      | Reached skill level 3 in Ice Magic
  1774 | D:1      | Reached XP level 3. HP: 26/28 MP: 8/8
  1778 | D:1      | Learned a level 3 spell: Frozen Ramparts
  3044 | D:3      | Reached skill level 4 in Ice Magic
  3151 | D:3      | Reached XP level 4. HP: 34/35 MP: 5/9
  3623 | D:3      | Found a runed translucent door.
  3624 | D:3      | Noticed Crazy Yiuf
  3811 | D:4      | Reached skill level 5 in Ice Magic
  3811 | D:4      | Reached XP level 5. HP: 40/40 MP: 10/10
  3815 | D:4      | Noticed an ogre
  4547 | D:4      | Killed an ogre
  4548 | D:4      | Reached skill level 1 in Shields
  4548 | D:4      | Reached XP level 6. HP: 47/47 MP: 5/11
  4932 | D:5      | Entered Level 5 of the Dungeon
  4936 | D:5      | Reached skill level 6 in Ice Magic
  5275 | D:5      | Noticed a yak
  5276 | D:5      | Noticed a yak
  5290 | D:5      | Noticed a yak
  5291 | D:5      | Noticed a yak
  5292 | D:5      | Killed a yak
  5293 | D:5      | Reached XP level 7. HP: 35/52 MP: 7/14
  5332 | D:4      | Killed a yak
  6055 | D:5      | Noticed Duvessa
  6055 | D:5      | Noticed Dowan
  6535 | D:5      | Identified the +5 long sword "Pumic" {drain, *Corrode rF++
                  | Str+4}
  6682 | D:5      | Killed Duvessa
  6685 | D:5      | Killed Dowan
  6686 | D:5      | Reached XP level 8. HP: 54/59 MP: 9/18
  6744 | D:5      | Reached skill level 5 in Shields
  6900 | D:5      | Reached skill level 5 in Spellcasting
  7714 | D:6      | Noticed Sigmund
  7847 | D:6      | Killed Sigmund
  7848 | D:6      | Reached skill level 5 in Fighting
  8049 | D:6      | Noticed Eustachio
  8076 | D:6      | Killed Eustachio
  8346 | D:6      | Learned a level 3 spell: Stone Arrow
  8404 | D:7      | Reached skill level 1 in Conjurations
  8550 | D:7      | You fall into a shaft and drop 3 floors!
  8550 | D:10     | Entered Level 10 of the Dungeon
  8618 | D:10     | Reached XP level 9. HP: 60/75 MP: 16/20
  8875 | D:10     | Found Oqauv's Firing Range.
  9377 | D:9      | Reached skill level 5 in Conjurations
  9579 | D:9      | Noticed a boulder beetle
  9953 | D:10     | Reached XP level 10. HP: 70/88 MP: 9/21
 10277 | D:10     | Noticed a two-headed ogre
 10461 | D:10     | Identified the +1 ring mail of Heenitesenn {Str+4}
 10924 | D:9      | Learned a level 4 spell: Sticky Flame
 11036 | D:8      | Reached skill level 1 in Fire Magic
 11462 | D:8      | Identified the +1 great mace "Pefelage" {protect, Fragile
                  | Dex+2 SInv}
 12236 | D:7      | Found a staircase to the Ecumenical Temple.
 13023 | D:7      | Learned a level 5 spell: Borgnjor's Vile Clutch
 13068 | D:7      | Identified 4 scrolls of acquirement
 13068 | D:7      | Acquired a +2 broad axe of venom
 13070 | D:7      | Acquired the +3 pair of seven-league boots {Rampage+∞}
 13070 | D:7      | Found the +3 pair of seven-league boots {Rampage+∞}
 13083 | D:7      | Acquired 658 gold pieces
 13084 | D:7      | Acquired 793 gold pieces
 13520 | D:9      | Reached skill level 5 in Dodging
 13579 | D:9      | Reached skill level 1 in Necromancy
 13579 | D:9      | Reached skill level 1 in Earth Magic
 13619 | D:9      | Found a staircase to the Orcish Mines.
 13988 | D:9      | Killed a boulder beetle
 14204 | D:9      | Reached XP level 11. HP: 87/97 MP: 21/24
 15005 | D:11     | Noticed a two-headed ogre
 15006 | D:11     | Noticed Maurice
 15023 | D:10     | Killed Maurice
 15149 | D:10     | Killed a two-headed ogre
 15150 | D:10     | Reached skill level 1 in Armour
 15351 | D:11     | Found a staircase to the Lair.
 15542 | D:11     | Found a portal to a secret trove of treasure.
 15688 | D:11     | Identified the +3 rapier "Cainakam" {antimagic, Fly}
 15897 | D:3      | Killed Crazy Yiuf
 16282 | Lair:1   | Entered Level 1 of the Lair of Beasts
 16515 | Lair:1   | Reached skill level 5 in Necromancy
 16515 | Lair:1   | Reached skill level 5 in Earth Magic
 17053 | Lair:2   | Noticed a five-headed hydra
 17390 | Lair:2   | Killed a five-headed hydra
 17391 | Lair:2   | Reached XP level 12. HP: 104/104 MP: 5/25
 17520 | Lair:2   | Learned a level 4 spell: Dispel Undead
 17535 | Lair:2   | Found a staircase to the Swamp.
 18003 | Lair:3   | Reached skill level 5 in Armour
 18894 | Lair:3   | Found a staircase to the Snake Pit.
 19537 | Lair:4   | Learned a level 7 spell: Ozocubu's Refrigeration
 19833 | Lair:4   | Reached skill level 7 in Ice Magic
 20639 | Lair:5   | Noticed Nessos
 20639 | Lair:5   | Noticed a four-headed hydra
 20668 | Lair:4   | Reached skill level 8 in Ice Magic
 20732 | Lair:4   | Killed a four-headed hydra
 20904 | Lair:5   | Found a frozen archway.
 20953 | IceCv    | Entered an ice cave
 22489 | IceCv    | Reached skill level 9 in Ice Magic
 22653 | IceCv    | Found the +8 frozen axe "Frostbite" {freezing cloud, *Noise
                  | Fly rC+}
 22686 | IceCv    | Reached XP level 13. HP: 85/111 MP: 14/29
 23141 | Lair:5   | Reached skill level 10 in Ice Magic
 23390 | Lair:5   | Killed Nessos
 23391 | Lair:5   | Reached skill level 10 in Spellcasting
 23897 | Lair:5   | Found a staircase to the Slime Pits.
 24027 | Lair:5   | Reached skill level 10 in Fighting
 24032 | Lair:5   | Reached skill level 11 in Ice Magic
 24375 | Lair:6   | Entered Level 6 of the Lair of Beasts
 24639 | Lair:6   | Reached XP level 14. HP: 121/121 MP: 18/32
 24800 | Lair:6   | Reached skill level 12 in Ice Magic
 25639 | Lair:6   | Found a large runed translucent door.
 25653 | Lair:6   | Found a large runed translucent door.
 27096 | Orc:1    | Entered Level 1 of the Orcish Mines
 27326 | Orc:2    | Entered Level 2 of the Orcish Mines
 27326 | Orc:2    | Noticed Erolcha
 27328 | Orc:2    | Reached skill level 13 in Ice Magic
 27335 | Orc:2    | Killed Erolcha
 27579 | Orc:2    | Found a staircase to the Elven Halls.
 28764 | Orc:2    | Found Hyemn's Antique Weapon Shop.
 28764 | Orc:2    | Found Gekhluowo's Book Shoppe.
 28781 | Orc:2    | Found Xoiwnyisch's Magic Scroll Shop.
 28781 | Orc:2    | Found Otantos's Distillery.
 28857 | Orc:2    | Bought a scroll of acquirement for 728 gold pieces
 28857 | Orc:2    | Bought a scroll of silence for 105 gold pieces
 28857 | Orc:2    | Bought a scroll of torment for 105 gold pieces
 28857 | Orc:2    | Acquired the +15 crystal plate armour "Cuuvvi" {Rampage
                  | Will+}
 28865 | Orc:2    | Bought a scroll of teleportation for 42 gold pieces
 28865 | Orc:2    | Bought a scroll of fog for 28 gold pieces
 28867 | Orc:2    | Bought a potion of flight for 42 gold pieces
 28867 | Orc:2    | Bought a potion of heal wounds for 70 gold pieces
 29451 | D:12     | Slain by a skeletal warrior

Illustrated notes

Levels and vault maps discovered:
D:1:      elethiomel_arrival_shortcut, layout_basic,
          hellmonk_ecumenical_altar_zigzags, serial_corexii_hall,
          corexii_hall_statues_deadend, corexii_hall_statues_x,
          corexii_hall_statues_l, corexii_hall_statues_s
D:2:      layout_loops_ring
D:3:      layout_rooms, elyvilon_altar_3, uniq_crazy_yiuf_cottage
D:4:      layout_basic
D:5:      layout_loops_ring, minmay_starry_boxes, uniq_duvessa
D:6:      layout_basic, uniq_eustachio, uniq_sigmund
D:7:      layout_basic, mainiacjoe_overflow_catwalk_spiral,
          minmay_temple_entry_stoned_glass
D:8:      layout_basic, led_xom_imps
D:9:      layout_irregular_city, mainiacjoe_overflow_24_doors, erik_orc_1
D:10:     minmay_polygon_palace, layout_long_grid,
          nicolae_overflow_hidden_temple, nrook_campfire,
          nicolae_shop_firing_range
D:11:     layout_rooms, lair_entry_dummy, enter_trove_2, uniq_maurice
D:12:     hangedman_arrow_trap, layout_basic
Lair:1:   layout_misc_corridors
Lair:2:   layout_chaotic_city, swamp_mist, serial_bayou_pond_a
Lair:3:   layout_small_grid, dummy_snake_entry, st_stairs_5,
          nicolae_lair_liquid_snakes, grunt_megastairs_5
Lair:4:   layout_cave_pods, dpeg_oklob_1
Lair:5:   layout_roguey, dpeg_slime_entry_enclosed_altar, special_room
          [special_room_mythical_zoo], portal_ice_cave_demonic_guard,
          uniq_nessos
Lair:6:   cheibrodos_lair_end_hotspot, layout_loops_ring
Orc:1:    layout_diamond_mine
Orc:2:    grunt_orc_tribal_feast, layout_caves, okawaru_metal_pillars_1_2,
          uniq_erolcha

Skill      XL: |  1  2  3  4  5  6  7  8  9 10 11 12 13 14 |
---------------+-------------------------------------------+-----
Spellcasting   | 2 3 4 5 6 8 10 12 | 12.0
Ice Magic      | 2 3 4 5 6 9 11 13 | 13.0
Shields        | 1 3 4 5 |  5.0
Fighting       | 6 8 9 10 | 10.0
Conjurations   | 2 5 6 |  6.0
Dodging        | 3 5 |  5.1
Fire Magic     | 2 |  2.0
Necromancy     | 2 6 7 |  7.0
Earth Magic    | 2 6 7 |  7.0
Armour         | 4 5 |  5.7
Short Blades   | |  1.7
Stealth        | |  1.0

Action                   |  1- 3 |  4- 6 |  7- 9 | 10-12 | 13-15 || total
-------------------------+-------+-------+-------+-------+-------++-------
Melee: Rapier            |    55 |    26 |   110 |    89 |       ||   280
       Punch             |     3 |     1 |       |       |       ||     4
       Dagger            |       |    70 |    29 |       |       ||    99
       Broad axe         |       |       |       |   356 |   319 ||   675
 Cast: Freeze            |    59 |     9 |    15 |    22 |    12 ||   117
       Frozen Ramparts   |     2 |    10 |    22 |    49 |    54 ||   137
       Stone Arrow       |       |       |    18 |    40 |    19 ||    77
       Sticky Flame      |       |       |       |    71 |     7 ||    78
       Borgnjor's Vile C |       |       |       |    22 |    32 ||    54
       Ozocubu's Refrige |       |       |       |       |    39 ||    39
Evoke: Wand              |       |       |     2 |     7 |     6 ||    15
  Use: Scroll            |       |       |    15 |    15 |     6 ||    36
       Potion            |       |       |     3 |       |       ||     3
 Stab: Sleeping          |     3 |     2 |       |     2 |       ||     7
       Paralysed         |       |       |       |     5 |     9 ||    14
       Distracted        |       |       |       |       |     1 ||     1
Armor: Robe              |    34 |    19 |    23 |    78 |       ||   154
       Troll leather arm |       |       |       |   218 |   175 ||   393
Dodge: Dodged            |    53 |    43 |    77 |   482 |   202 ||   857
Block: Buckler           |       |     7 |    30 |   175 |   221 ||   433
       Reflection        |       |       |       |       |     4 ||     4
